 Dungeon Crawl Stone Soup version 0.30-a0-364-gf6b3ef1049 (webtiles) character file.

Game seed: 1822307919034296356

8 Essalna the Firebug (level 2, 0/16 HPs)
             Began as a Tengu Fire Elementalist on Nov 14, 2022.
             Slain by a quokka (4 damage)
             ... on level 1 of the Dungeon.
             The game lasted 00:01:18 (341 turns).

Essalna the Firebug (Tengu Fire Elementalist)        Turns: 341, Time: 00:01:18

Health: 0/16       AC:  2    Str:  8    XL:     2   Next: 8%
Magic:  4/6        EV: 13    Int: 15    God:
Gold:   11         SH:  0    Dex: 20    Spells: 4/5 levels left

rFire   . . .      SeeInvis .    (no weapon)
rCold   . . .      Faith    .    (no shield)
rNeg    . . .      Spirit   .    a - +0 robe
rPois   .          Reflect  .    (helmet restricted)
rElec   .          Harm     .    (no cloak)
rCorr   .          Rampage  .    (no gloves)
Will    .....                    (boots unavailable)
Stlth   ++........               (no amulet)
HPRegen 0.22/turn                c - +6 ring of dexterity
MPRegen 0.10/turn                (no ring)

@: no status effects
A: beak, talons 3
a: no special abilities


You were on level 1 of the Dungeon.
You visited 1 branch of the dungeon, and saw 2 of its levels.

You collected 11 gold pieces.

Inventory:

Armour
 a - a +0 robe (worn)
Jewellery
 c - a +6 ring of dexterity (left hand)
 d - a ring of see invisible
Potions
 b - a potion of magic


   Skills:
 + Level 0.8 Fighting
 - Level 2.1 Dodging
 - Level 2.0 Stealth
 - Level 2.0 Spellcasting
 + Level 1.9 Conjurations
 + Level 3.5 Fire Magic


You had 4 spell levels left.
You knew the following spells:

 Your Spells              Type           Power      Damage    Failure   Level
a - Foxfire               Conj/Fire      36%        2x1d5     8%          1

Your spell library contained the following spells:

 Spells                   Type           Power      Damage    Failure   Level
 Scorch                   Fire           24%        2d6       8%          2
 Inner Flame              Hex/Fire       6%         N/A       32%         3
 Kindle Blastsparks       Fire/Tloc/Air  10%        2d10      38%         3
 Flame Wave               Conj/Fire      9%         2d6       58%         4


Dungeon Overview and Level Annotations

Branches:
Dungeon (2/15)

Altars:


Innate Abilities, Weirdness & Mutations

You have a beak for a mouth.
You have claws for feet.


Message History

Found two maces.
The quokka closely misses you.
You conjure some foxfire!
The quokka bites you.
There is not enough space to conjure foxfire!
There is not enough space to conjure foxfire!
You hit the quokka but do no damage. Your kick misses the quokka.
The kobold shouts!
The foxfire hits the quokka but does no damage.
The quokka bites you.
You closely miss the quokka. You peck the quokka, but do no damage.
The quokka bites you.
Casting: Foxfire (safe; 8% risk of failure)
Confirm with . or Enter, or press ? or * to list all spells.
You conjure some foxfire!
The quokka bites you. x2
* * * LOW HITPOINT WARNING * * *
You barely miss the quokka. You claw the quokka. Your peck misses the quokka.
The quokka is moderately wounded.
The foxfire hits the kobold.
You kill the kobold!
The quokka closely misses you.
Okay, then.
Unknown command.
Unknown command.
Okay, then.
Unknown command.
You aren't carrying any items that you can evoke.
You aren't carrying any items that you can evoke.
You aren't carrying any items that you can evoke.
You aren't carrying any items that you can evoke.
Unknown command.
Unknown command.
The quokka attacks as you move away! The quokka closely misses you.
The quokka attacks as you move away! The quokka closely misses you.
Okay, then.
Unknown command.
Unknown command.
You aren't carrying any scrolls.
You aren't carrying any scrolls.
You aren't carrying any scrolls.
The quokka attacks as you move away! The quokka bites you.
You die...

#.# #.#
#.# #.#
#.# #.#
..# #.#
#.# ..#
#.# #.#
.## .#
#.# .# .#
#.# .#
#.# .#
#.# .#
#@#
.#####.#
#r#
..†.....
#.#
.#####.#
#.# .#
#...# .#
#..). .#
.....#.
.#
#.#......
.#
..#.....
..


You could see a quokka.

Vanquished Creatures
  An endoplasm (D:1)
  A giant cockroach (D:2)
  A goblin (D:1)
  A quokka (D:1)
  A ball python (D:1)
  2 bats
  A kobold (D:1)
8 creatures vanquished.

Vanquished Creatures (others)
  17 foxfires
17 creatures vanquished.

Grand Total: 25 creatures vanquished

Notes
Turn   | Place    | Note
-------+----------+-------------------------------------------
     0 | D:1      | Essalna the Tengu Fire Elementalist began the quest for the
                  | Orb.
     0 | D:1      | Reached XP level 1. HP: 10/10 MP: 4/4
   273 | D:1      | Reached XP level 2. HP: 16/16 MP: 3/6
   341 | D:1      | Slain by a quokka

Illustrated notes

Levels and vault maps discovered:
D:1:      minmay_arrival_hallway, layout_loops_ring, lemuel_flame_loot_1
D:2:      layout_basic, basic_altar, minivault_23, minmay_misc_feat_ornament,
          minmay_misc_feat_cross, chequers_avenue, minmay_worlds_worst_comb,
          uniq_jessica

Action                   || total
-------------------------++-------
Melee: Unarmed           ||     7
       Kick              ||     3
       Peck              ||     1
 Cast: Foxfire           ||    12
 Stab: Sleeping          ||     1
Dodge: Dodged            ||     9

Table legend: (Time is in decaauts)
 A = Elapsed time spent in this place.
 B = Non-inter-level travel time spent in this place.
 C = Inter-level travel time spent in this place.
 D = Time resting spent in this place.
 E = Time spent auto-exploring this place.
 F = Levels seen in this place.
 G = Mean time per level.
                   A        B        C        D        E       F      G
               +--------+--------+--------+--------+--------+-----+--------+
         Total |    340 |    336 |      4 |     25 |    234 |   2 |  170.0 |
       Dungeon |    340 |    336 |      4 |     25 |    234 |   2 |  170.0 |
               +--------+--------+--------+--------+--------+-----+--------+

Top non-repeatable levels by time:
     D:1: 300 daAuts
     D:2: 40 daAuts
